AoeStats
← [NOE] Jupiter

Lombardia

508929592Analyzed
2v2 RM · 9d ago on Sep 24, 2026· 43m 9s· 4 players
Game mode
Random Map
Map size
Medium (4 player)
Population
200
Speed
Normal
Resources
Standard
Victory
Conquest
Starting age
Dark Age
Ending age
Imperial Age
RankedLock teamsTeams togetherTeam positionsShared explorationLock speedFull tech treeHidden civsTurbo modeCheats
Victory
Defeat
🇦🇷 Armenians · Argentina
1655
+8
🇨🇴 Jurchens · Colombia
1632
+9
🇫🇷 Mongols · France
1483
-9
🇫🇷 Khmer · France
1453
-8
[GDL] Capitan Nicky
6:11 Loom
8:27 Feudal Age
9:22 Double-Bit Axe
10:20 Horse Collar
14:35 Forging
15:32 Scale Barding Armor
17:21 Bloodlines
21:51 Castle Age
21:09 Gold Mining
23:05 Bow Saw
22:17 Light Cavalry
22:57 Husbandry
23:34 Iron Casting
24:16 Wheelbarrow
24:57 Chain Barding Armor
24:49 Town Watch
26:33 Hand Cart
28:46 Heavy Plow
34:59 Imperial Age
33:30 Fortified Bastions
34:08 Gold Shaft Mining
34:33 Caravan
34:31 Stone Mining
36:33 Plate Barding Armor
35:36 Elite Iron Pagoda
36:58 Conscription
38:55 Blast Furnace
39:29 Guilds
39:42 Fletching
41:33 Bodkin Arrow
42:43 Chemistry
42:52 Bracer
the best BO's
11:28 Feudal Age
12:47 Double-Bit Axe
12:43 Horse Collar
13:17 Loom
15:43 Castle Age
16:39 Bow Saw
16:30 Heavy Plow
18:54 Town Watch
19:22 Gold Mining
20:11 Wheelbarrow
24:18 Hand Cart
23:49 Loom
24:20 Gold Mining
26:55 Gold Shaft Mining
26:10 Stone Mining
27:26 Fervor
30:11 Imperial Age
29:49 Fortified Wall
29:49 Masonry
29:30 Fletching
30:17 Ballistics
30:53 Caravan
31:19 Conscription
31:17 Bodkin Arrow
32:24 Chemistry
31:40 Treadmill Crane
31:39 Crossbowman
32:20 Bracer
32:26 Arbalester
33:07 Padded Archer Armor
33:25 Guilds
33:42 Town Patrol
35:09 Fereters
35:40 Hoardings
34:37 Man-at-Arms
35:17 Squires
36:07 Leather Archer Armor
35:14 Long Swordsman
35:41 Arson
35:44 Gambesons
36:24 Scale Mail Armor
37:20 Forging
36:30 Two-Handed Swordsman
37:35 Champion
38:33 Chain Mail Armor
38:54 Iron Casting
38:49 Ring Archer Armor
42:07 Plate Mail Armor
42:37 Blast Furnace
[NOE] Jupiter
8:43 Feudal Age
9:47 Loom
10:35 Forging
13:57 Wheelbarrow
16:29 Horse Collar
19:00 Town Watch
21:40 Castle Age
21:00 Bloodlines
21:00 Scale Barding Armor
22:43 Double-Bit Axe
23:04 Husbandry
24:38 Bow Saw
26:05 Fletching
26:22 Crossbowman
27:00 Bodkin Arrow
27:07 Padded Archer Armor
34:14 Ballistics
35:03 Leather Archer Armor
36:02 Fortified Wall
37:35 Elite Skirmisher
[NOE] Lyrendir
9:37 Feudal Age
11:03 Loom
14:42 Double-Bit Axe
17:49 Castle Age
16:46 Horse Collar
18:55 Bow Saw
24:43 Heavy Plow
28:29 Wheelbarrow
29:30 Bloodlines
32:08 Hand Cart
32:06 Gold Mining
32:08 Stone Mining
35:31 Imperial Age
32:47 Town Watch
33:36 Ballistics
34:12 Gold Shaft Mining
34:14 Stone Shaft Mining
33:54 Masonry
33:55 Husbandry
37:02 Town Patrol
37:21 Nomads
36:56 Onager
38:40 Siege Engineers
39:20 Fletching
39:12 Heavy Camel Rider
Connection lost

Rejoining the realm…

Still unreachable

The connection could not be restored.

Session expired

The server has moved on; the page needs a fresh start.